Map: Prion Terraces

Players

Lokei

  • Race: Zerg Zerg
  • League: Bronze

A.I. 1 (Hard) - Winner!

  • Race: Terran Terran

VOD

Have the link to the VOD?

Description

Time

  • Played on: March 15, 2016, 12:23 p.m.
  • Length: 10:01
Show
View Real Time Build Order
Export as new Build Order

Lokei Zerg 

Build Orders: Pool First 

Get SALT Encoding   

  12  0:02  Drone  
  13  0:36  Drone  
  13  0:38  Overlord  
  14  1:03  Drone x3  
  17  1:09  Spawning Pool  
  16  1:20  Drone  
  17  1:43  Drone x2  
  19  2:02  Hatchery  
  19  2:06  Drone x2  
  19  2:16  Drone  
  20  2:24  Extractor  
  19  2:30  Roach Warren  
  19  2:31  Queen  
  20  2:54  Drone x2  
  22  3:04  Overlord  
  22  3:09  Overlord  
  22  3:23  Drone  
  22  3:24  Drone  
  22  3:25  Overlord  
  24  3:39  Lair  
  24  3:48  Queen  
  26  3:49  Drone x4  
  26  3:50  Drone  
  31  4:16  Drone x2  
  31  4:17  Drone x2  
  35  4:22  Extractor  
  34  4:31  Queen  
  36  4:35  Overlord x2  
  36  4:54  Drone x2  
  36  4:55  Drone  
  36  4:57  Drone  
  40  5:28  Drone x3  
  43  5:30  Zergling x12  
  49  5:47  Pneumatized Carapace  
  49  5:51  Extractor  
  48  6:18  Roach  
  48  6:19  Roach  
  52  6:26  Overlord x4  
  52  6:27  Hatchery  
  51  6:33  Drone  
  52  6:42  Metabolic Boost  
  52  6:44  Roach  
  52  6:45  Roach x8  
  70  6:57  Evolution Chamber  
  70  7:01  Evolution Chamber  
  68  7:09  Drone x3  
  71  8:03  Drone x5  
  71  8:04  Drone x6  
  82  8:09  Drone x3  
  85  8:20  Queen  
  87  8:46  Roach  
  87  8:47  Overlord, Extractor  
  87  8:48  Overlord x5  
  88  8:49  Extractor  
  86  9:21  Roach x7  
  86  9:22  Roach x7  
Show
View Real Time Build Order
Export as new Build Order

A.I. 1 (Hard) Terran - Winner!

Build Orders: MMM Bio 

Get SALT Encoding   

  12  0:00  SCV  
  13  0:13  SCV  
  14  0:19  Supply Depot  
  14  0:25  SCV  
  15  0:41  SCV  
  16  0:43  Barracks  
  16  0:53  SCV  
  17  1:05  SCV  
  18  1:21  Command Center  
  18  1:31  Marine  
  18  1:32  Orbital Command  
  19  1:38  Supply Depot  
  19  1:45  Refinery  
  19  1:49  Marine  
  20  1:58  SCV  
  20  2:00  Barracks  
  21  2:08  Marine  
  21  2:09  Refinery  
  21  2:10  SCV  
  23  2:23  SCV  
  23  2:25  Supply Depot  
  23  2:27  Barracks Tech Lab  
  24  2:39  SCV  
  25  2:44  Marine  
  25  2:47  Marine  
  25  2:50  SCV  
  28  2:54  SCV  
  29  3:02  SCV  
  29  3:03  Marauder  
  32  3:05  Barracks Tech Lab  
  32  3:07  SCV  
  33  3:14  Factory  
  33  3:21  Factory  
  33  3:24  Marine  
  34  3:33  Refinery  
  34  3:42  Refinery  
  34  3:58  Starport  
  34  3:59  Factory Tech Lab  
  34  4:04  SCV  
  34  4:05  SCV  
  34  4:06  Starport, Factory Tech Lab  
  36  4:14  Marauder  
  38  4:22  SCV  
  39  4:25  Reaper  
  39  4:26  SCV  
  41  4:34  SCV  
  41  4:36  Starport Tech Lab  
  41  4:37  Siege Tank  
  41  4:38  SCV  
  46  4:40  Supply Depot  
  46  4:43  Starport Tech Lab  
  46  4:46  SCV  
  46  4:48  Stimpack  
  46  4:49  Hellion  
  46  4:50  SCV  
  50  4:56  Combat Shields  
  50  4:58  SCV  
  51  5:02  SCV  
  52  5:07  Engineering Bay  
  52  5:10  SCV  
  53  5:14  SCV  
  53  5:19  Marine  
  55  5:22  SCV  
  55  5:27  Supply Depot  
  57  5:28  SCV  
  57  5:31  Marine  
  57  5:34  SCV  
  57  5:35  Terran Infantry Weapons Level 1  
  59  5:40  SCV  
  59  5:42  Marine  
  61  5:49  SCV  
  62  5:53  SCV  
  62  5:54  Marine, Supply Depot  
  64  6:06  Marauder  
  66  6:15  SCV, Concussive Shells  
  66  6:17  Marauder, SCV, Supply Depot  
  70  6:28  Marauder, Missile Turret  
  70  6:32  Missile Turret  
  72  6:35  Missile Turret  
  72  6:38  SCV, Missile Turret  
  72  6:39  Raven  
  76  6:40  Reaper, SCV  
  76  6:41  Supply Depot  
  77  6:50  Sensor Tower, SCV  
  77  6:51  Hellion  
  80  6:55  Bunker  
  80  7:00  Armory  
  80  7:02  Siege Tank  
  80  7:03  Bunker, Raven, SCV  
  80  7:04  SCV  
  80  7:06  Supply Depot  
  87  7:12  Barracks  
  87  7:14  Siege Tank  
  87  7:15  SCV  
  91  7:29  Terran Infantry Armor Level 1, Supply Depot  
  91  7:59  Barracks Reactor  
  91  9:11  Medivac x2, Marine  
  91  9:13  Supply Depot  
  91  9:14  Marine  
  91  9:16  Ghost Academy  
  97  9:17  Marine  
  97  9:20  Marine, Engineering Bay  
  97  9:21  Command Center  
  99  9:25  Fusion Core  
  99  9:29  Marine  
  99  9:30  Armory  
  100  9:32  Marine  
  100  9:37  Supply Depot  
  100  9:41  Marine  
Tags
 
Composition
MMM Bio
League
Bronze
Matchup
TvZ
Opening
Pool First
Add a new tag
Caveats
  • Supply blocks, unpowered buildings, or Contaminate may cause inaccurate times.
  • Supply counts are checked every 10 seconds.